Capitals vs Wild
Created - 20 février 2014 at 19:03
Goals
|
| Capitals |
0 |
1 |
0 |
1 |
| Wild |
2 |
1 |
1 |
4 |
|
Shots
|
| Capitals |
10 |
9 |
6 |
25 |
| Wild |
11 |
16 |
13 |
40 |
|
1st period
1. Wild , Alexei Kovalev 25 (Mike Green, Chris Drury) at 12:49 (PP)
2. Wild , Cody McLeod 1 (Brian Rolston, Mike Green) at 14:38
Penalties :
Zach Parise (Was) for Slashing (Minor) at 6:26, Bryce Salvador (Was) for Holding (Minor) at 9:03, Bobby Ryan (Was) for Roughing (Minor) at 12:38, Nicklas Backstrom (Was) for Interference (Minor) at 16:21
2nd period
3. Capitals , Chris Kunitz 9 (Peter Regin, Bobby Ryan) at 1:17
4. Wild , Brian Rolston 12 (Nathan Dempsey, Mike Green) at 2:14
Penalties :
Anson Carter (Min) for Hooking (Minor) at 5:20, Ales Hemsky (Was) for Interference (Minor) at 7:44
3rd period
5. Wild , Jozef Stumpel 27 (Alexei Kovalev, Vaclav Prospal) at 13:57
Penalties :
Jonathan Rheault (Min) for Interference (Minor) at 18:00
Goalie Stats
Nikolai Khabibulin (Was), 36 saves from 40 shots - (0,900), L, 16-13-1, 60:00 minutes
Martin Brodeur (Min), 24 saves from 25 shots - (0,960), W, 27-19-0, 60:00 minutes
Players Stats for Capitals
Player Name G A P +/- PIM S H SB GA TA FO MP PP MP PK MP
------------------------------------------------------------------------------------
Adam Hall 0 0 0 0 0 1 0 0 0 1 0/0 5:43 0:00 0:00
Ales Hemsky 0 0 0 -1 2 0 1 0 0 0 0/1 10:56 0:00 0:00
Anton Volchenkov 0 0 0 -1 0 3 0 3 0 1 0/0 28:09 1:59 4:36
Bobby Ryan 0 1 1 0 2 3 0 0 0 0 0/3 17:49 1:40 0:00
Braydon Coburn 0 0 0 -1 0 2 1 5 0 1 0/0 22:26 1:59 4:36
Brooks Laich 0 0 0 -1 0 3 2 0 0 1 4/8 11:30 0:00 0:37
Bryce Salvador 0 0 0 -1 2 0 1 0 0 0 0/0 16:28 0:00 2:43
Chris Kunitz 1 0 1 0 0 1 1 0 1 0 0/1 7:11 0:00 1:28
Ed Jovanovski 0 0 0 0 0 0 1 1 0 1 0/0 13:01 0:00 0:00
Evgeni Malkin 0 0 0 0 0 2 3 1 2 0 12/22 21:46 2:02 2:46
Joe Corvo 0 0 0 -1 0 0 1 0 0 0 0/0 18:33 1:59 3:31
Marian Hossa 0 0 0 -1 0 2 1 0 1 0 1/2 19:43 2:18 2:46
Nicklas Backstrom 0 0 0 -1 2 2 1 0 0 0 7/14 16:18 1:40 0:00
Peter Regin 0 1 1 0 0 1 1 1 0 0 2/6 10:50 0:16 4:21
Ryan Suter 0 0 0 0 0 0 0 1 0 1 0/0 21:48 1:59 0:48
Steve Sullivan 0 0 0 -1 0 1 2 2 0 0 0/0 12:09 0:16 1:00
Thomas Vanek 0 0 0 -1 0 2 0 2 1 0 0/0 15:31 1:40 0:00
Zach Parise 0 0 0 0 2 2 2 1 1 0 0/1 21:57 2:02 3:16
Players Stats for Wild
Player Name G A P +/- PIM S H SB GA TA FO MP PP MP PK MP
------------------------------------------------------------------------------------
Alexei Kovalev 1 1 2 1 0 3 0 0 0 0 0/0 16:55 4:34 0:00
Anson Carter 0 0 0 0 2 2 2 0 0 0 1/2 19:04 3:29 0:00
Brian Rolston 1 1 2 1 0 2 1 0 1 0 0/0 14:47 0:04 2:11
Chris Drury 0 1 1 0 0 4 0 2 0 1 13/29 21:26 4:34 1:16
Cody McLeod 1 0 1 1 0 1 0 1 0 1 0/1 14:07 0:04 1:34
Fedor Tyutin 0 0 0 0 0 2 1 2 1 1 0/0 21:24 3:35 1:30
Fredrik Modin 0 0 0 0 0 2 0 1 0 0 0/0 7:42 0:00 0:13
Glen Metropolit 0 0 0 0 0 2 0 0 0 0 4/6 8:17 0:04 0:30
Jonathan Rheault 0 0 0 0 2 0 0 0 0 0 0/0 7:28 0:00 0:00
Jozef Stumpel 1 0 1 1 0 4 2 0 1 0 1/1 16:55 4:34 0:00
Mike Green 0 3 3 3 0 2 0 2 1 0 0/0 24:52 4:32 0:07
Nathan Dempsey 0 1 1 3 0 2 2 1 1 1 0/0 24:45 4:32 0:00
Niclas Wallin 0 0 0 -1 0 1 0 2 0 1 0/0 13:51 0:00 2:28
R.J. Umberger 0 0 0 0 0 5 0 0 1 1 1/1 19:02 3:29 0:00
Rod Brind'Amour 0 0 0 1 0 5 0 0 0 0 5/7 14:30 0:00 2:12
Shane Hnidy 0 0 0 -1 0 0 2 1 0 0 0/0 12:31 0:00 1:30
Vaclav Prospal 0 1 1 1 0 1 0 0 0 0 7/11 15:47 3:29 0:00
Willie Mitchell 0 0 0 0 0 2 2 0 0 0 0/0 22:37 3:35 2:21
3 Stars
1 - Mike Green (Min)
2 - Brian Rolston (Min)
3 - Martin Brodeur (Min)
Power Play
Capitals - 0 on 2 Attempt(s) - 0,00%
Wild - 1 on 5 Attempt(s) - 20,00%
Penalty Kill
Capitals - 4 on 5 Attempt(s) - 80,00%
- Score 0 goal in Penalty Kill
Wild - 2 on 2 Attempt(s) - 100,00%
- Score 0 goal in Penalty Kill
Official
Referees : Meier Brad and McCauley Wes
Linesman : Vaughan Rody and Shane Heyer
Game Notes
No Game Note
Finance
Level 1 -- Attendance: 3343 (55,72%) -- Ticket Income 417 875 $
Level 2 -- Attendance: 2597 (51,94%) -- Ticket Income 194 775 $
Level 3 -- Attendance: 958 (47,90%) -- Ticket Income 47 900 $
Level 4 -- Attendance: 1669 (41,73%) -- Ticket Income 66 760 $
Luxury Box -- Attendance: 592 (59,20%) -- Ticket Income 148 000 $
Game was played at the Forest Center
Total Attendance: 9159 (50,88%)
Total Ticket Income: 875 310 $
Other Income: 131 296 $
Total Income: 1 006 606 $
Capitals
5 vs 5 Forward
Center Left Wing Right Wing Time % Phy DF OF
1 Evgeni Malkin Zach Parise Bobby Ryan 40 1 1 3
2 Nicklas Backstrom Thomas Vanek Marian Hossa 37 1 1 3
3 Brooks Laich Steve Sullivan Ales Hemsky 20 1 2 2
4 Peter Regin Chris Kunitz Adam Hall 3 1 2 2
5 vs 5 Defense
Defense Defense Time % Phy DF OF
1 Ryan Suter Anton Volchenkov 40 1 2 2
2 Braydon Coburn Ed Jovanovski 30 1 2 2
3 Joe Corvo Bryce Salvador 20 1 2 2
4 Anton Volchenkov Braydon Coburn 10 1 2 2
PowerPlay Forward
Center Left Wing Right Wing Time % Phy DF OF
1 Evgeni Malkin Zach Parise Marian Hossa 60 1 2 2
2 Nicklas Backstrom Thomas Vanek Bobby Ryan 40 1 2 2
PowerPlay Defense
Defense Defense Time % Phy DF OF
1 Ryan Suter Anton Volchenkov 60 1 2 2
2 Braydon Coburn Joe Corvo 40 1 2 2
Penalty Kill 4 Players Forward
Center Wing Time % Phy DF OF
1 Peter Regin Zach Parise 60 1 2 2
2 Evgeni Malkin Marian Hossa 40 1 2 2
Penalty Kill 4 Players Defense
Defense Defense Time % Phy DF OF
1 Anton Volchenkov Braydon Coburn 60 1 2 2
2 Joe Corvo Bryce Salvador 40 1 2 2
Penalty Kill - 3 Players Forward
Forward Time % Phy DF OF
1 Marian Hossa 60 1 2 2
2 Evgeni Malkin 40 1 2 2
Penalty Kill - 3 Players Defense
Defense Defense Time % Phy DF OF
1 Anton Volchenkov Braydon Coburn 60 1 2 2
2 Joe Corvo Bryce Salvador 40 1 2 2
4 vs 4 Forward
Center Wing Time % Phy DF OF
1 Evgeni Malkin Zach Parise 60 1 1 3
2 Nicklas Backstrom Marian Hossa 40 1 1 3
4 vs 4 Defense
Defense Defense Time % Phy DF OF
1 Anton Volchenkov Ryan Suter 60 1 2 2
2 Braydon Coburn Ed Jovanovski 40 1 2 2
Last Minutes Offensive
Center Left Wing Right Wing Defense Defense
Evgeni Malkin Zach Parise Marian Hossa Anton Volchenkov Ryan Suter
Last Minutes Defensive
Center Left Wing Right Wing Defense Defense
Evgeni Malkin Zach Parise Marian Hossa Anton Volchenkov Ryan Suter
Goaltenders
Starting : Nikolai Khabibulin
Backup : Niklas Backstrom
Extra Forwards
Normal : Marian Hossa, Brooks Laich, Evgeni Malkin - PP : Peter Regin, Steve Sullivan - PK : Chris Kunitz
Extra Defensemen
Normal : Braydon Coburn, Ryan Suter, Anton Volchenkov - PP : Ed Jovanovski - PK : Ryan Suter, Ed Jovanovski
Penalty Shots
Marian Hossa, Evgeni Malkin, Zach Parise, Thomas Vanek, Nicklas Backstrom
Wild
5 vs 5 Forward
Center Left Wing Right Wing Time % Phy DF OF
1 Chris Drury R.J. Umberger Anson Carter 40 0 1 4
2 Vaclav Prospal Jozef Stumpel Alexei Kovalev 30 1 0 4
3 Rod Brind'Amour Cody McLeod Brian Rolston 20 1 1 3
4 Glen Metropolit Fredrik Modin Jonathan Rheault 10 2 1 2
5 vs 5 Defense
Defense Defense Time % Phy DF OF
1 Mike Green Nathan Dempsey 40 1 3 1
2 Fedor Tyutin Willie Mitchell 30 1 3 1
3 Niclas Wallin Shane Hnidy 20 1 3 1
4 Mike Green Nathan Dempsey 10 1 3 1
PowerPlay Forward
Center Left Wing Right Wing Time % Phy DF OF
1 Chris Drury Jozef Stumpel Alexei Kovalev 60 0 0 5
2 Vaclav Prospal R.J. Umberger Anson Carter 40 0 0 5
PowerPlay Defense
Defense Defense Time % Phy DF OF
1 Mike Green Nathan Dempsey 60 0 2 3
2 Fedor Tyutin Willie Mitchell 40 0 2 3
Penalty Kill 4 Players Forward
Center Wing Time % Phy DF OF
1 Rod Brind'Amour Brian Rolston 60 1 3 1
2 Glen Metropolit Cody McLeod 40 1 3 1
Penalty Kill 4 Players Defense
Defense Defense Time % Phy DF OF
1 Willie Mitchell Niclas Wallin 60 2 3 0
2 Fedor Tyutin Shane Hnidy 40 2 3 0
Penalty Kill - 3 Players Forward
Forward Time % Phy DF OF
1 Rod Brind'Amour 60 1 4 0
2 Glen Metropolit 40 1 4 0
Penalty Kill - 3 Players Defense
Defense Defense Time % Phy DF OF
1 Willie Mitchell Niclas Wallin 60 2 3 0
2 Fedor Tyutin Shane Hnidy 40 2 3 0
4 vs 4 Forward
Center Wing Time % Phy DF OF
1 Chris Drury Jozef Stumpel 60 1 1 3
2 Vaclav Prospal Alexei Kovalev 40 1 1 3
4 vs 4 Defense
Defense Defense Time % Phy DF OF
1 Mike Green Nathan Dempsey 60 1 3 1
2 Fedor Tyutin Willie Mitchell 40 1 3 1
Last Minutes Offensive
Center Left Wing Right Wing Defense Defense
Chris Drury Jozef Stumpel Alexei Kovalev Mike Green Nathan Dempsey
Last Minutes Defensive
Center Left Wing Right Wing Defense Defense
Rod Brind'Amour Glen Metropolit Brian Rolston Willie Mitchell Niclas Wallin
Goaltenders
Starting : Martin Brodeur
Backup : Julien Ellis
Extra Forwards
Normal : Chris Drury, Alexei Kovalev, Jozef Stumpel - PP : Chris Drury, Alexei Kovalev - PK : Rod Brind'Amour
Extra Defensemen
Normal : Mike Green, Nathan Dempsey, Fedor Tyutin - PP : Mike Green - PK : Willie Mitchell, Niclas Wallin
Penalty Shots
Chris Drury, Jozef Stumpel, Vaclav Prospal, Alexei Kovalev, R.J. Umberger
% Time on Ice - Capitals
Lines # - Real PCT - Wanted PCT - Time Play
Normal Forward
1 - 35% - 40% - 16:40
2 - 31% - 37% - 14:39
3 - 23% - 20% - 10:53
4 - 12% - 3% - 5:43
Normal Defense
1 - 41% - 40% - 19:29
2 - 29% - 30% - 14:05
3 - 25% - 20% - 11:59
4 - 5% - 10% - 2:22
PP Forward
1 - 58% - 60% - 2:18
2 - 42% - 40% - 1:40
PP Defense
1 - 50% - 60% - 1:59
2 - 50% - 40% - 1:59
PK Forward
1 - 66% - 60% - 5:21
2 - 34% - 40% - 2:46
PK Defense
1 - 57% - 60% - 4:36
2 - 43% - 40% - 3:31
PK3 Forward
1 - 0% - 60%
2 - 0% - 40%
PK3 Defense
1 - 0% - 60%
2 - 0% - 40%
44 Forward
1 - 0% - 60%
2 - 0% - 40%
44 Defense
1 - 0% - 60%
2 - 0% - 40%
Last Minute Offensive - 0:00
Last Minute Defensive - 0:00
Total
Forward - 60:00
Defense - 60:00
|
% Time on Ice - Wild
Lines # - Real PCT - Wanted PCT - Time Play
Normal Forward
1 - 33% - 40% - 15:53
2 - 26% - 30% - 12:18
3 - 26% - 20% - 12:15
4 - 16% - 10% - 7:29
Normal Defense
1 - 39% - 40% - 18:45
2 - 34% - 30% - 16:19
3 - 23% - 20% - 11:01
4 - 4% - 10% - 1:50
PP Forward
1 - 57% - 60% - 4:38
2 - 43% - 40% - 3:29
PP Defense
1 - 56% - 60% - 4:32
2 - 44% - 40% - 3:35
PK Forward
1 - 87% - 60% - 3:28
2 - 13% - 40% - 0:30
PK Defense
1 - 62% - 60% - 2:28
2 - 38% - 40% - 1:30
PK3 Forward
1 - 0% - 60%
2 - 0% - 40%
PK3 Defense
1 - 0% - 60%
2 - 0% - 40%
44 Forward
1 - 0% - 60%
2 - 0% - 40%
44 Defense
1 - 0% - 60%
2 - 0% - 40%
Last Minute Offensive - 0:00
Last Minute Defensive - 0:00
Total
Forward - 60:00
Defense - 60:00
|
Play by Play
1st period
0:01 of 1st period - Chris Drury wins face-off versus Bobby Ryan in neutral zone.
0:27 of 1st period - Icing by Vaclav Prospal.
0:28 of 1st period - Nicklas Backstrom wins face-off versus Vaclav Prospal in Wild zone.
0:51 of 1st period - Snap shot by Vaclav Prospal.
0:51 of 1st period - Deflect By Jozef Stumpel.
0:51 of 1st period - Deflect By Nicklas Backstrom.
0:51 of 1st period - Stopped by Nikolai Khabibulin without a rebound.
0:52 of 1st period - Rod Brind'Amour wins face-off versus Brooks Laich in Capitals zone.
0:59 of 1st period - Wrist shot by Brian Rolston.
0:59 of 1st period - Stopped by Nikolai Khabibulin with a rebound.
2:01 of 1st period - Slapshot by Anton Volchenkov.
2:01 of 1st period - Shot Blocked by Mike Green.
2:21 of 1st period - Wrist shot by Peter Regin.
2:21 of 1st period - Stopped by Martin Brodeur without a rebound.
2:22 of 1st period - Rod Brind'Amour wins face-off versus Brooks Laich in Wild zone.
3:16 of 1st period - Anton Volchenkov is hit by Nathan Dempsey and loses puck.
3:32 of 1st period - Snap shot by Steve Sullivan.
3:32 of 1st period - Stopped by Martin Brodeur without a rebound.
3:33 of 1st period - Glen Metropolit wins face-off versus Brooks Laich in Wild zone.
3:40 of 1st period - Slapshot by Mike Green.
3:40 of 1st period - Shot Blocked by Braydon Coburn.
3:42 of 1st period - Slapshot by Nathan Dempsey.
3:42 of 1st period - Shot Blocked by Steve Sullivan.
3:58 of 1st period - Mike Green is hit by Ed Jovanovski and loses puck.
4:47 of 1st period - Backhand shot by Jozef Stumpel.
4:47 of 1st period - Stopped by Nikolai Khabibulin without a rebound.
4:48 of 1st period - Vaclav Prospal wins face-off versus Evgeni Malkin in Capitals zone.
4:59 of 1st period - Wrist shot by Zach Parise.
4:59 of 1st period - Stopped by Martin Brodeur with a rebound.
5:01 of 1st period - Snap shot by Anton Volchenkov.
5:01 of 1st period - Deflect By Nathan Dempsey.
5:01 of 1st period - Stopped by Martin Brodeur without a rebound.
5:02 of 1st period - Evgeni Malkin wins face-off versus Chris Drury in Wild zone.
5:07 of 1st period - Wrist shot by Zach Parise.
5:07 of 1st period - Shot Misses the Net.
5:41 of 1st period - Wrist shot by Marian Hossa.
5:41 of 1st period - Stopped by Martin Brodeur without a rebound.
5:42 of 1st period - Nicklas Backstrom wins face-off versus Glen Metropolit in Wild zone.
6:07 of 1st period - Anton Volchenkov is hit by Fedor Tyutin and loses puck.
6:26 of 1st period - Minor Penalty to Zach Parise for Slashing.
6:27 of 1st period - Chris Drury wins face-off versus Peter Regin in Capitals zone.
7:13 of 1st period - Brooks Laich is hit by Anson Carter and loses puck.
8:26 of 1st period - Penalty to Zach Parise is over, Zach Parise is back on ice.
8:39 of 1st period - Icing by Nicklas Backstrom.
8:40 of 1st period - Glen Metropolit wins face-off versus Nicklas Backstrom in Capitals zone.
8:41 of 1st period - Slapshot by Fredrik Modin.
8:41 of 1st period - Deflect By Glen Metropolit.
8:41 of 1st period - Shot Misses the Net.
8:41 of 1st period - Puck is out of play.
8:42 of 1st period - Evgeni Malkin wins face-off versus Glen Metropolit in Capitals zone.
9:03 of 1st period - Minor Penalty to Bryce Salvador for Holding.
9:04 of 1st period - Chris Drury wins face-off versus Zach Parise in Capitals zone.
9:40 of 1st period - Wrist shot by R.J. Umberger.
9:40 of 1st period - Stopped by Nikolai Khabibulin without a rebound.
9:41 of 1st period - Evgeni Malkin wins face-off versus Anson Carter in Capitals zone.
10:07 of 1st period - Anton Volchenkov is hit by Jozef Stumpel and loses puck.
10:35 of 1st period - Marian Hossa is hit by Willie Mitchell and loses puck.
11:03 of 1st period - Penalty to Bryce Salvador is over, Bryce Salvador is back on ice.
11:16 of 1st period - Wrist shot by Zach Parise.
11:16 of 1st period - Shot Blocked by Shane Hnidy.
11:36 of 1st period - Snap shot by Steve Sullivan.
11:36 of 1st period - Shot Blocked by Niclas Wallin.
11:51 of 1st period - Off-side.
11:52 of 1st period - Nicklas Backstrom wins face-off versus Vaclav Prospal in neutral zone.
12:17 of 1st period - Chris Drury is hit by Bryce Salvador and loses puck.
12:26 of 1st period - Chris Drury is hit by Steve Sullivan and loses puck.
12:38 of 1st period - Minor Penalty to Bobby Ryan for Roughing.
12:39 of 1st period - Peter Regin wins face-off versus Chris Drury in Capitals zone.
12:47 of 1st period - Snap shot by Mike Green.
12:47 of 1st period - Shot Blocked by Peter Regin.
12:49 of 1st period - Snap shot by Alexei Kovalev.
12:49 of 1st period - Goal by Alexei Kovalev - Capitals : 0 - Wild : 1.
12:50 of 1st period - Nicklas Backstrom wins face-off versus Chris Drury in neutral zone.
13:06 of 1st period - Snap shot by Chris Drury.
13:06 of 1st period - Shot Blocked by Braydon Coburn.
13:23 of 1st period - Slapshot by Vaclav Prospal.
13:23 of 1st period - Shot Misses the Net.
13:25 of 1st period - Snap shot by Vaclav Prospal.
13:25 of 1st period - Shot Blocked by Braydon Coburn.
13:35 of 1st period - Zach Parise is hit by Willie Mitchell and loses puck.
13:56 of 1st period - Backhand shot by Bobby Ryan.
13:56 of 1st period - Stopped by Martin Brodeur without a rebound.
13:57 of 1st period - Nicklas Backstrom wins face-off versus Cody McLeod in Wild zone.
14:10 of 1st period - Wrist shot by Thomas Vanek.
14:10 of 1st period - Stopped by Martin Brodeur with a rebound.
14:12 of 1st period - Wrist shot by Anton Volchenkov.
14:12 of 1st period - Deflect By Nathan Dempsey.
14:12 of 1st period - Stopped by Martin Brodeur with a rebound.
14:38 of 1st period - Slapshot by Brian Rolston.
14:38 of 1st period - Deflect By Cody McLeod.
14:38 of 1st period - Goal by Cody McLeod - Capitals : 0 - Wild : 2.
14:39 of 1st period - Marian Hossa wins face-off versus Chris Drury in neutral zone.
14:50 of 1st period - Wrist shot by Chris Drury.
14:50 of 1st period - Stopped by Nikolai Khabibulin with a rebound.
14:52 of 1st period - Slapshot by R.J. Umberger.
14:52 of 1st period - Shot Blocked by Anton Volchenkov.
14:54 of 1st period - Wrist shot by R.J. Umberger.
14:54 of 1st period - Shot Misses the Net.
15:04 of 1st period - Alexei Kovalev is hit by Evgeni Malkin and loses puck.
15:31 of 1st period - Wrist shot by Steve Sullivan.
15:31 of 1st period - Shot Misses the Net.
15:33 of 1st period - Slapshot by Braydon Coburn.
15:33 of 1st period - Shot Misses the Net.
16:21 of 1st period - Minor Penalty to Nicklas Backstrom for Interference.
16:22 of 1st period - Jozef Stumpel wins face-off versus Peter Regin in Capitals zone.
16:47 of 1st period - Vaclav Prospal is hit by Marian Hossa and loses puck.
17:15 of 1st period - Braydon Coburn is hit by Nathan Dempsey and loses puck.
18:21 of 1st period - Penalty to Nicklas Backstrom is over, Nicklas Backstrom is back on ice.
19:06 of 1st period - Backhand shot by Nicklas Backstrom.
19:06 of 1st period - Shot Misses the Net.
19:08 of 1st period - Slapshot by Bryce Salvador.
19:08 of 1st period - Deflect By Marian Hossa.
19:08 of 1st period - Stopped by Martin Brodeur without a rebound.
19:09 of 1st period - Glen Metropolit wins face-off versus Ales Hemsky in Wild zone.
19:20 of 1st period - Slapshot by Mike Green.
19:20 of 1st period - Deflect By Glen Metropolit.
19:20 of 1st period - Stopped by Nikolai Khabibulin without a rebound.
19:21 of 1st period - Chris Drury wins face-off versus Brooks Laich in Capitals zone.
19:26 of 1st period - Wrist shot by R.J. Umberger.
19:26 of 1st period - Stopped by Nikolai Khabibulin with a rebound.
19:28 of 1st period - Snap shot by R.J. Umberger.
19:28 of 1st period - Stopped by Nikolai Khabibulin with a rebound.
19:34 of 1st period - Snap shot by Chris Drury.
19:34 of 1st period - Stopped by Nikolai Khabibulin without a rebound.
19:35 of 1st period - Brooks Laich wins face-off versus Chris Drury in Capitals zone.
19:40 of 1st period - Slapshot by Anton Volchenkov.
19:40 of 1st period - Stopped by Martin Brodeur with a rebound.
Goals for this period are 0 for Capitals vs 2 for Wild.
Shots for this period are 10 for Capitals vs 11 for Wild.
2nd period
0:01 of 2nd period - Evgeni Malkin wins face-off versus Chris Drury in neutral zone.
0:31 of 2nd period - Snap shot by Steve Sullivan.
0:31 of 2nd period - Shot Blocked by Fedor Tyutin.
0:49 of 2nd period - Snap shot by Fedor Tyutin.
0:49 of 2nd period - Stopped by Nikolai Khabibulin with a rebound.
1:17 of 2nd period - Backhand shot by Chris Kunitz.
1:17 of 2nd period - Goal by Chris Kunitz - Capitals : 1 - Wild : 2.
1:18 of 2nd period - Evgeni Malkin wins face-off versus Chris Drury in neutral zone.
2:10 of 2nd period - Slapshot by Mike Green.
2:10 of 2nd period - Shot Misses the Net.
2:12 of 2nd period - Slapshot by Nathan Dempsey.
2:12 of 2nd period - Shot Blocked by Steve Sullivan.
2:14 of 2nd period - Wrist shot by Brian Rolston.
2:14 of 2nd period - Goal by Brian Rolston - Capitals : 1 - Wild : 3.
2:15 of 2nd period - Chris Drury wins face-off versus Evgeni Malkin in neutral zone.
2:40 of 2nd period - Wrist shot by Steve Sullivan.
2:40 of 2nd period - Shot Misses the Net.
2:42 of 2nd period - Wrist shot by Brooks Laich.
2:42 of 2nd period - Shot Misses the Net.
2:44 of 2nd period - Slapshot by Bryce Salvador.
2:44 of 2nd period - Shot Blocked by Chris Drury.
2:46 of 2nd period - Backhand shot by Brooks Laich.
2:46 of 2nd period - Stopped by Martin Brodeur without a rebound.
2:47 of 2nd period - Brooks Laich wins face-off versus Vaclav Prospal in Wild zone.
3:00 of 2nd period - Snap shot by Steve Sullivan.
3:00 of 2nd period - Shot Blocked by Nathan Dempsey.
3:10 of 2nd period - Slapshot by Brooks Laich.
3:10 of 2nd period - Stopped by Martin Brodeur with a rebound.
3:16 of 2nd period - Wrist shot by Brooks Laich.
3:16 of 2nd period - Stopped by Martin Brodeur without a rebound.
3:17 of 2nd period - Evgeni Malkin wins face-off versus Chris Drury in Wild zone.
3:42 of 2nd period - Marian Hossa is hit by Brian Rolston and loses puck.
3:47 of 2nd period - Snap shot by Rod Brind'Amour.
3:47 of 2nd period - Shot Misses the Net.
3:49 of 2nd period - Slapshot by Willie Mitchell.
3:49 of 2nd period - Stopped by Nikolai Khabibulin with a rebound.
3:51 of 2nd period - Wrist shot by Fedor Tyutin.
3:51 of 2nd period - Stopped by Nikolai Khabibulin with a rebound.
3:53 of 2nd period - Wrist shot by Rod Brind'Amour.
3:53 of 2nd period - Stopped by Nikolai Khabibulin without a rebound.
3:54 of 2nd period - Chris Drury wins face-off versus Evgeni Malkin in Capitals zone.
3:55 of 2nd period - Wrist shot by R.J. Umberger.
3:55 of 2nd period - Shot Blocked by Braydon Coburn.
4:19 of 2nd period - Vaclav Prospal is hit by Nicklas Backstrom and loses puck.
4:40 of 2nd period - Mike Green is hit by Brooks Laich and loses puck.
5:07 of 2nd period - Snap shot by Rod Brind'Amour.
5:07 of 2nd period - Stopped by Nikolai Khabibulin with a rebound.
5:20 of 2nd period - Minor Penalty to Anson Carter for Hooking.
5:21 of 2nd period - Evgeni Malkin wins face-off versus Rod Brind'Amour in Wild zone.
5:27 of 2nd period - Snap shot by Zach Parise.
5:27 of 2nd period - Deflect By Evgeni Malkin.
5:27 of 2nd period - Stopped by Martin Brodeur with a rebound.
5:29 of 2nd period - Wrist shot by Zach Parise.
5:29 of 2nd period - Stopped by Martin Brodeur with a rebound.
5:31 of 2nd period - Snap shot by Zach Parise.
5:31 of 2nd period - Shot Blocked by Niclas Wallin.
5:33 of 2nd period - Slapshot by Ryan Suter.
5:33 of 2nd period - Shot Misses the Net.
7:20 of 2nd period - Penalty to Anson Carter is over, Anson Carter is back on ice.
7:30 of 2nd period - Wrist shot by Anson Carter.
7:30 of 2nd period - Shot Hit the Post.
7:32 of 2nd period - Backhand shot by Willie Mitchell.
7:32 of 2nd period - Shot Misses the Net.
7:34 of 2nd period - Snap shot by Vaclav Prospal.
7:34 of 2nd period - Deflect By Jozef Stumpel.
7:34 of 2nd period - Stopped by Nikolai Khabibulin with a rebound.
7:36 of 2nd period - Slapshot by Niclas Wallin.
7:36 of 2nd period - Shot Misses the Net.
7:38 of 2nd period - Snap shot by Alexei Kovalev.
7:38 of 2nd period - Shot Misses the Net.
7:44 of 2nd period - Minor Penalty to Ales Hemsky for Interference.
7:45 of 2nd period - Chris Drury wins face-off versus Peter Regin in Capitals zone.
7:52 of 2nd period - Wrist shot by Alexei Kovalev.
7:52 of 2nd period - Stopped by Nikolai Khabibulin without a rebound.
7:53 of 2nd period - Peter Regin wins face-off versus Chris Drury in Capitals zone.
9:32 of 2nd period - Anton Volchenkov is hit by Anson Carter and loses puck.
9:44 of 2nd period - Penalty to Ales Hemsky is over, Ales Hemsky is back on ice.
10:28 of 2nd period - Slapshot by Glen Metropolit.
10:28 of 2nd period - Stopped by Nikolai Khabibulin with a rebound.
10:30 of 2nd period - Slapshot by Shane Hnidy.
10:30 of 2nd period - Shot Blocked by Ed Jovanovski.
10:32 of 2nd period - Snap shot by Niclas Wallin.
10:32 of 2nd period - Deflect By Peter Regin.
10:32 of 2nd period - Stopped by Nikolai Khabibulin without a rebound.
10:33 of 2nd period - Glen Metropolit wins face-off versus Chris Kunitz in Capitals zone.
12:05 of 2nd period - Snap shot by Fredrik Modin.
12:05 of 2nd period - Stopped by Nikolai Khabibulin without a rebound.
12:06 of 2nd period - Anson Carter wins face-off versus Evgeni Malkin in Capitals zone.
12:15 of 2nd period - Wrist shot by R.J. Umberger.
12:15 of 2nd period - Stopped by Nikolai Khabibulin without a rebound.
12:16 of 2nd period - Chris Drury wins face-off versus Evgeni Malkin in Capitals zone.
13:13 of 2nd period - Nathan Dempsey is hit by Steve Sullivan and loses puck.
13:56 of 2nd period - Snap shot by Nicklas Backstrom.
13:56 of 2nd period - Stopped by Martin Brodeur with a rebound.
14:12 of 2nd period - Alexei Kovalev is hit by Chris Kunitz.
14:28 of 2nd period - Brooks Laich is hit by Shane Hnidy and loses puck.
14:51 of 2nd period - Wrist shot by Chris Drury.
14:51 of 2nd period - Shot Misses the Net.
14:53 of 2nd period - Wrist shot by Anson Carter.
14:53 of 2nd period - Shot Misses the Net.
14:55 of 2nd period - Snap shot by Shane Hnidy.
14:55 of 2nd period - Shot Blocked by Evgeni Malkin.
15:17 of 2nd period - Slapshot by Marian Hossa.
15:17 of 2nd period - Shot Misses the Net.
15:19 of 2nd period - Wrist shot by Thomas Vanek.
15:19 of 2nd period - Shot Misses the Net.
15:49 of 2nd period - Brian Rolston is hit by Brooks Laich.
16:06 of 2nd period - Icing by Joe Corvo.
16:07 of 2nd period - Brooks Laich wins face-off versus Chris Drury in Capitals zone.
16:54 of 2nd period - Wrist shot by Glen Metropolit.
16:54 of 2nd period - Deflect By Fredrik Modin.
16:54 of 2nd period - Stopped by Nikolai Khabibulin with a rebound.
16:56 of 2nd period - Slapshot by Willie Mitchell.
16:56 of 2nd period - Stopped by Nikolai Khabibulin with a rebound.
18:35 of 2nd period - Slapshot by Alexei Kovalev.
18:35 of 2nd period - Stopped by Nikolai Khabibulin without a rebound.
18:36 of 2nd period - Chris Drury wins face-off versus Nicklas Backstrom in Capitals zone.
18:43 of 2nd period - Snap shot by Chris Drury.
18:43 of 2nd period - Stopped by Nikolai Khabibulin without a rebound.
18:44 of 2nd period - Chris Drury wins face-off versus Nicklas Backstrom in Capitals zone.
18:45 of 2nd period - Slapshot by Anson Carter.
18:45 of 2nd period - Shot Misses the Net.
18:53 of 2nd period - Snap shot by Braydon Coburn.
18:53 of 2nd period - Stopped by Martin Brodeur with a rebound.
18:55 of 2nd period - Slapshot by Braydon Coburn.
18:55 of 2nd period - Stopped by Martin Brodeur with a rebound.
Goals for this period are 1 for Capitals vs 1 for Wild.
Shots for this period are 9 for Capitals vs 16 for Wild.
3rd period
0:01 of 3rd period - Evgeni Malkin wins face-off versus Chris Drury in neutral zone.
0:26 of 3rd period - Ryan Suter is hit by Jozef Stumpel and loses puck.
1:16 of 3rd period - Slapshot by Fredrik Modin.
1:16 of 3rd period - Shot Misses the Net.
1:18 of 3rd period - Slapshot by Fredrik Modin.
1:18 of 3rd period - Shot Blocked by Ryan Suter.
1:20 of 3rd period - Snap shot by Fredrik Modin.
1:20 of 3rd period - Shot Blocked by Zach Parise.
1:30 of 3rd period - Anton Volchenkov is hit by Shane Hnidy and loses puck.
1:43 of 3rd period - Off-side.
1:44 of 3rd period - Vaclav Prospal wins face-off versus Nicklas Backstrom in neutral zone.
1:55 of 3rd period - Snap shot by Alexei Kovalev.
1:55 of 3rd period - Shot Blocked by Thomas Vanek.
2:33 of 3rd period - Wrist shot by Adam Hall.
2:33 of 3rd period - Stopped by Martin Brodeur without a rebound.
2:34 of 3rd period - Evgeni Malkin wins face-off versus Rod Brind'Amour in Wild zone.
2:40 of 3rd period - Icing by Brian Rolston.
2:41 of 3rd period - Rod Brind'Amour wins face-off versus Evgeni Malkin in Wild zone.
2:41 of 3rd period - Brian Rolston is hit by Joe Corvo and loses puck.
3:00 of 3rd period - Slapshot by Mike Green.
3:00 of 3rd period - Stopped by Nikolai Khabibulin without a rebound.
3:01 of 3rd period - Chris Drury wins face-off versus Nicklas Backstrom in Capitals zone.
3:14 of 3rd period - Slapshot by R.J. Umberger.
3:14 of 3rd period - Deflect By Thomas Vanek.
3:14 of 3rd period - Stopped by Nikolai Khabibulin with a rebound.
3:28 of 3rd period - Jozef Stumpel is hit by Zach Parise and loses puck.
4:11 of 3rd period - Snap shot by Nicklas Backstrom.
4:11 of 3rd period - Shot Blocked by Cody McLeod.
4:13 of 3rd period - Slapshot by Nicklas Backstrom.
4:13 of 3rd period - Stopped by Martin Brodeur without a rebound.
4:14 of 3rd period - Nicklas Backstrom wins face-off versus Chris Drury in Wild zone.
4:37 of 3rd period - Snap shot by Marian Hossa.
4:37 of 3rd period - Shot Misses the Net.
4:39 of 3rd period - Wrist shot by Thomas Vanek.
4:39 of 3rd period - Shot Blocked by Fedor Tyutin.
4:41 of 3rd period - Snap shot by Thomas Vanek.
4:41 of 3rd period - Stopped by Martin Brodeur without a rebound.
4:42 of 3rd period - Vaclav Prospal wins face-off versus Evgeni Malkin in Wild zone.
5:24 of 3rd period - Wrist shot by Bobby Ryan.
5:24 of 3rd period - Stopped by Martin Brodeur with a rebound.
5:26 of 3rd period - Slapshot by Ryan Suter.
5:26 of 3rd period - Shot Blocked by Fredrik Modin.
5:28 of 3rd period - Wrist shot by Ryan Suter.
5:28 of 3rd period - Shot Misses the Net.
5:30 of 3rd period - Snap shot by Bobby Ryan.
5:30 of 3rd period - Stopped by Martin Brodeur with a rebound.
5:44 of 3rd period - Slapshot by Evgeni Malkin.
5:44 of 3rd period - Shot Misses the Net.
5:56 of 3rd period - Slapshot by Willie Mitchell.
5:56 of 3rd period - Deflect By Glen Metropolit.
5:56 of 3rd period - Shot Misses the Net.
5:56 of 3rd period - Puck is out of play.
5:57 of 3rd period - Nicklas Backstrom wins face-off versus Chris Drury in Capitals zone.
6:19 of 3rd period - Icing by Chris Drury.
6:20 of 3rd period - Brooks Laich wins face-off versus Vaclav Prospal in Wild zone.
6:21 of 3rd period - Snap shot by Steve Sullivan.
6:21 of 3rd period - Shot Blocked by Mike Green.
9:16 of 3rd period - Off-side.
9:17 of 3rd period - Evgeni Malkin wins face-off versus Chris Drury in neutral zone.
9:23 of 3rd period - Off-side.
9:24 of 3rd period - Chris Drury wins face-off versus Evgeni Malkin in neutral zone.
9:57 of 3rd period - Slapshot by Alexei Kovalev.
9:57 of 3rd period - Shot Misses the Net.
9:59 of 3rd period - Snap shot by Vaclav Prospal.
9:59 of 3rd period - Stopped by Nikolai Khabibulin with a rebound.
10:01 of 3rd period - Slapshot by Niclas Wallin.
10:01 of 3rd period - Shot Misses the Net.
10:50 of 3rd period - Snap shot by Rod Brind'Amour.
10:50 of 3rd period - Stopped by Nikolai Khabibulin with a rebound.
10:52 of 3rd period - Slapshot by Nathan Dempsey.
10:52 of 3rd period - Stopped by Nikolai Khabibulin with a rebound.
10:54 of 3rd period - Slapshot by Mike Green.
10:54 of 3rd period - Deflect By Rod Brind'Amour.
10:54 of 3rd period - Stopped by Nikolai Khabibulin with a rebound.
10:56 of 3rd period - Slapshot by Mike Green.
10:56 of 3rd period - Stopped by Nikolai Khabibulin with a rebound.
10:58 of 3rd period - Wrist shot by Rod Brind'Amour.
10:58 of 3rd period - Stopped by Nikolai Khabibulin without a rebound.
10:59 of 3rd period - Evgeni Malkin wins face-off versus Chris Drury in Capitals zone.
11:19 of 3rd period - R.J. Umberger is hit by Zach Parise and loses puck.
11:30 of 3rd period - Chris Drury is hit by Ales Hemsky and loses puck.
12:17 of 3rd period - Chris Drury is hit by Braydon Coburn.
12:30 of 3rd period - Off-side.
12:31 of 3rd period - Vaclav Prospal wins face-off versus Peter Regin in neutral zone.
12:58 of 3rd period - Icing by Brian Rolston.
12:59 of 3rd period - Rod Brind'Amour wins face-off versus Bobby Ryan in Wild zone.
13:33 of 3rd period - Slapshot by Evgeni Malkin.
13:33 of 3rd period - Stopped by Martin Brodeur without a rebound.
13:34 of 3rd period - Vaclav Prospal wins face-off versus Nicklas Backstrom in Wild zone.
13:45 of 3rd period - Snap shot by Alexei Kovalev.
13:45 of 3rd period - Deflect By Jozef Stumpel.
13:45 of 3rd period - Shot Blocked by Anton Volchenkov.
13:45 of 3rd period - Puck is out of play.
13:46 of 3rd period - Vaclav Prospal wins face-off versus Nicklas Backstrom in Capitals zone.
13:57 of 3rd period - Slapshot by Jozef Stumpel.
13:57 of 3rd period - Goal by Jozef Stumpel - Capitals : 1 - Wild : 4.
13:58 of 3rd period - Evgeni Malkin wins face-off versus Chris Drury in neutral zone.
14:11 of 3rd period - Snap shot by Evgeni Malkin.
14:11 of 3rd period - Shot Misses the Net.
14:13 of 3rd period - Slapshot by Ryan Suter.
14:13 of 3rd period - Shot Blocked by Chris Drury.
14:33 of 3rd period - Slapshot by Nathan Dempsey.
14:33 of 3rd period - Stopped by Nikolai Khabibulin without a rebound.
14:34 of 3rd period - R.J. Umberger wins face-off versus Evgeni Malkin in Capitals zone.
14:44 of 3rd period - Off-side.
14:45 of 3rd period - Chris Drury wins face-off versus Marian Hossa in neutral zone.
15:12 of 3rd period - Jozef Stumpel is hit by Evgeni Malkin and loses puck.
15:46 of 3rd period - Slapshot by Rod Brind'Amour.
15:46 of 3rd period - Shot Misses the Net.
16:20 of 3rd period - Snap shot by R.J. Umberger.
16:20 of 3rd period - Shot Misses the Net.
16:22 of 3rd period - Slapshot by Fedor Tyutin.
16:22 of 3rd period - Deflect By Anson Carter.
16:22 of 3rd period - Stopped by Nikolai Khabibulin with a rebound.
16:24 of 3rd period - Snap shot by Fedor Tyutin.
16:24 of 3rd period - Deflect By Anson Carter.
16:24 of 3rd period - Stopped by Nikolai Khabibulin with a rebound.
16:26 of 3rd period - Wrist shot by R.J. Umberger.
16:26 of 3rd period - Shot Blocked by Thomas Vanek.
16:28 of 3rd period - Snap shot by Chris Drury.
16:28 of 3rd period - Stopped by Nikolai Khabibulin without a rebound.
16:29 of 3rd period - Vaclav Prospal wins face-off versus Bobby Ryan in Capitals zone.
16:40 of 3rd period - Snap shot by Alexei Kovalev.
16:40 of 3rd period - Shot Blocked by Braydon Coburn.
17:52 of 3rd period - Slapshot by Nathan Dempsey.
17:52 of 3rd period - Shot Misses the Net.
18:00 of 3rd period - Minor Penalty to Jonathan Rheault for Interference.
18:01 of 3rd period - Rod Brind'Amour wins face-off versus Evgeni Malkin in Wild zone.
18:01 of 3rd period - Rod Brind'Amour is hit by Evgeni Malkin.
18:38 of 3rd period - Snap shot by Cody McLeod.
18:38 of 3rd period - Shot Blocked by Anton Volchenkov.
19:51 of 3rd period - Niclas Wallin is hit by Peter Regin and loses puck.
0:00 - Penalty to Jonathan Rheault is over, Jonathan Rheault is back on ice.
Goals for this period are 0 for Capitals vs 1 for Wild.
Shots for this period are 6 for Capitals vs 13 for Wild.
Output by the SimonT Hockey Simulator (STHS) for François Prévost -- Original Page W3C XHTML 1.0 Valid